 Seeded DCSS version 0.31-a0-557-g6e16503903 (webtiles) character file.

Game seed: 16161720884980326079 (custom seed)

31 innerfire43 the Trooper (level 3, -8/29 HPs)
             Began as a Demonspawn Monk on Aug 16, 2023.
             Was a Priest of Sif Muna.
             Mangled by Terence
             ... wielding a +0 morningstar
              (14 damage)
             ... on level 2 of the Dungeon.
             The game lasted 00:00:53 (669 turns).

innerfire43 the Trooper (Demonspawn Monk)            Turns: 669, Time: 00:00:53

Health: -8/29      AC:  2    Str: 13    XL:     3   Next: 7%
Magic:  3/3        EV: 13    Int: 11    God:    Sif Muna [***...]
Gold:   44         SH:  0    Dex: 15    Spells: 2/2 levels left

rFire   . . .        a - +0 mace
rCold   . . .        d - orb {light}
rNeg    . . .        b - +0 robe
rPois   .            (helmet restricted)
rElec   .            (no cloak)
rCorr   .            (no gloves)
SInv    .            (no boots)
Will    .....        (no amulet)
Stlth   +            (no ring)
HPRegen 0.24/turn    (no ring)
MPRegen 0.08/turn

%: no passive effects
@: glowing
A: antennae 1, spiny 1
a: Renounce Religion, Channel Magic, Forget Spell


You were on level 2 of the Dungeon.
You worshipped Sif Muna.
Sif Muna was most pleased with you.
You visited 1 branch of the dungeon, and saw 2 of its levels.

You collected 44 gold pieces.

Inventory:

Hand Weapons
 a - a +0 mace (weapon)
Armour
 b - a +0 robe (worn)
 d - an orb of light (worn)
 f - a +0 helmet
Jewellery
 j - an amulet of faith
Scrolls
 g - 2 scrolls of silence {unknown}
 i - a scroll of brand weapon {unknown}
 l - a scroll of fog {unknown}
Potions
 c - a potion of ambrosia
 e - a potion of heal wounds {unknown}
 h - a potion of haste {unknown}
 k - a potion of attraction {unknown}


   Skills:
 + Level 3.3 Fighting
 + Level 3.0 Maces & Flails
 + Level 1.0 Armour
 + Level 3.0 Dodging


You had 2 spell levels left.
You didn't know any spells.
Your spell library was empty.

Dungeon Overview and Level Annotations

Branches:
Dungeon (2/15)

Altars:
Sif Muna

Annotations:
D:2 Terence


Innate Abilities, Weirdness & Mutations

You have a pair of small antennae on your head.
You are partially covered in sharp spines.


Message History

The goblin barely misses you. Terence is struck by your spines.
Terence hits you with a +0 morningstar. The goblin is struck by your spines.
The goblin hits you but does no damage. The worm is struck by your spines.
The worm completely misses you.
You hit the worm.
You kill the worm!
Sif Muna accepts your kill.
You can now freely open your mind to new spells.
The goblin closely misses you. Terence hits you with a +0 morningstar!
Your Armour skill increases to level 1!
You have reached level 3!
Your experience leads to an increase in your attributes!
Increase (S)trength, (I)ntelligence, or (D)exterity?
You feel stronger. x2; Your demonic ancestry asserts itself...
A pair of antennae grows on your head!
You are confused.
You feel invigorated. The goblin hits you with a +0 club.
The goblin hits you with a +0 dagger. Terence hits you with a +0 morningstar!
* * * LOW HITPOINT WARNING * * *
Unknown command.
You hit the goblin.
The goblin is heavily wounded.
The goblin is struck by your spines.
You kill the goblin!
Sif Muna accepts your kill. The goblin hits you with a +0 dagger.
* * * LOW HITPOINT WARNING * * *
Terence is struck by your spines. Terence barely misses you.
You closely miss Terence.
Terence is lightly wounded.
The goblin is struck by your spines.
You kill the goblin!
Sif Muna accepts your kill. Terence hits you with a +0 morningstar.
* * * LOW HITPOINT WARNING * * *
Unknown command.
You're too confused to move!
You feel less invigorated.
You feel less confused. Terence hits you with a +0 morningstar!
You die...

## #$ #. #####.
#..>.. '#
###...######.###
#......)........
#...@)..##.###
........@#.##
...######
......####$.#
#......# ....#.
##.## #......#
... #
#..###......# ##
##..###.....#
####..##.....#
#(...........#
#.#####..#####


You could see Terence.

Vanquished Creatures
  An adder (D:2)
  A worm (D:2)
  A dart slug (D:1)
  An endoplasm (D:1)
  3 goblins (D:2)
  2 hobgoblins
  4 kobolds (D:1)
  A quokka (D:1)
  A ball python (D:2)
  A frilled lizard (D:1)
  A rat (D:2)
17 creatures vanquished.

Notes
Turn   | Place    | Note
-------+----------+-------------------------------------------
     0 | D:1      | innerfire43 the Demonspawn Monk began the quest for the
                  | Orb.
     0 | D:1      | Reached XP level 1. HP: 18/18 MP: 1/1
   117 | D:1      | Found a faded altar of an unknown god.
   152 | D:1      | Gained mutation: You are partially covered in sharp spines.
                  | [demonic ancestry]
   152 | D:1      | Reached XP level 2. HP: 22/24 MP: 2/2
   155 | D:1      | Prayed at the altar of an unknown god.
   155 | D:1      | Became a worshipper of Sif Muna the Loreminder
   155 | D:1      | Reached * piety under Sif Muna
   155 | D:1      | Reached ** piety under Sif Muna
   660 | D:2      | Noticed Terence
   665 | D:2      | Reached *** piety under Sif Muna
   666 | D:2      | Reached skill level 1 in Armour
   666 | D:2      | Gained mutation: You have a pair of small antennae on your
                  | head. [demonic ancestry]
   666 | D:2      | Reached XP level 3. HP: 13/29 MP: 3/3
   666 | D:2      | HP: 1/29 [Terence/+0 morningstar (11)]
   669 | D:2      | Mangled by Terence

Illustrated notes

Levels and vault maps discovered:
D:1:      nzn_arrival_settlement, layout_rooms,
          shapermc_ecumenical_altar_starsandcircs
D:2:      layout_basic, feat_on_display, uniq_jessica, uniq_robin,
          uniq_crazy_yiuf_cottage, uniq_terence

Skill      XL: |  1  2 |
---------------+-------+-----
Maces & Flails | 3 |  3.0
Dodging        | 3 |  3.0
Armour         | 1 |  1.0
Fighting       | |  3.3

Action                     || total
---------------------------++-------
  Melee: Mace              ||    37
    Use: Potion            ||     1
 Armour: Robe              ||     8
  Dodge: Dodged            ||    27

Table legend: (Time is in decaauts)
 A = Elapsed time spent in this place.
 B = Non-inter-level travel time spent in this place.
 C = Inter-level travel time spent in this place.
 D = Time resting spent in this place.
 E = Time spent auto-exploring this place.
 F = Levels seen in this place.
 G = Mean time per level.
                   A        B        C        D        E       F      G
               +--------+--------+--------+--------+--------+-----+--------+
         Total |    678 |    641 |     37 |      0 |    504 |   2 |  339.0 |
       Dungeon |    678 |    641 |     37 |      0 |    504 |   2 |  339.0 |
               +--------+--------+--------+--------+--------+-----+--------+

Top non-repeatable levels by time:
     D:1: 562 daAuts
     D:2: 115 daAuts
